 Dungeon Crawl Stone Soup version 0.30-a0-778-g2ef04afb54 (webtiles) character file.

Game seed: 3732512077483995490

4851 Oxelix the Cleaver (level 10, -5/124 HPs)
             Began as a Demonspawn Berserker on Feb 16, 2023.
             Was an Elder of Trog.
             Slain by a vault guard
             ... wielding a +0 broad axe
              (9 damage)
             ... in a bailey.
             The game lasted 00:10:07 (6128 turns).

Oxelix the Cleaver (Demonspawn Berserker)           Turns: 6128, Time: 00:10:07

Health: -5/124     AC:  8    Str: 22    XL:     10   Next: 25%
Magic:  10/10      EV:  9    Int:  9    God:    Trog [****..]
Gold:   163        SH: 12    Dex: 15    Spells: 9/9 levels left

rFire   . . .      SeeInvis +    y - +2 war axe (elec)
rCold   x . .      Faith    .    v - +0 kite shield
rNeg    . . .      Spirit   .    s - +1 ring mail "Yrosifa" {rC- Will+ Dex+3 SInv}
rPois   .          Reflect  +    (helmet unavailable)
rElec   .          Harm     .    (no cloak)
rCorr   .          Rampage  .    (no gloves)
Will    +....                    (no boots) Stlth
                                 t - amulet of reflection
HPRegen 0.40/turn                (no ring)
MPRegen 0.12/turn                (no ring)

@: berserking, very quick
A: antennae 3, slimy green scales 1, foul stench 1, powered by death 1
a: Renounce Religion, Berserk, Trog's Hand, Brothers in Arms


You were in a bailey.
You worshipped Trog.
Trog was greatly pleased with you.
You visited 2 branches of the dungeon, and saw 8 of its levels.
You also visited: Bailey.

You collected 358 gold pieces.
You spent 195 gold pieces at shops.

Inventory:

Hand Weapons
 u - a +2 spear of flaming
 y - a +2 war axe of electrocution (weapon)
 z - a +4 trident of venom
 A - a +2 heavy halberd
 E - a +3 battleaxe
Missiles
 x - 14 boomerangs (quivered)
 B - 2 throwing nets
Armour
 g - a +0 ring mail
 s - the +1 ring mail "Yrosifa" (worn) {rC- Will+ Dex+3 SInv}
   (You found it on level 4 of the Dungeon)

   Dex:       It affects your dexterity (+3).
   rC:        It makes you vulnerable to cold.
   SInv:      It lets you see invisible.
   Will:      It increases your willpower.
 v - a +0 kite shield (worn)
Jewellery
 k - an amulet of guardian spirit
 p - an amulet of faith
 t - an amulet of reflection (around neck)
Wands
 m - a wand of mindburst (18)
 q - a wand of roots (10)
Scrolls
 a - 2 scrolls of immolation {unknown}
 b - 7 scrolls of identify {unknown}
 d - 6 scrolls of poison
 f - 5 scrolls of enchant armour {unknown}
 l - 4 scrolls of teleportation {unknown}
 n - 2 scrolls of fog {unknown}
 w - 2 scrolls of blinking {unknown}
Potions
 c - 3 potions of curing {unknown}
 e - 3 potions of lignification {unknown}
 h - 3 potions of degeneration {unknown}
 i - a potion of flight {unknown}
 j - 2 potions of might {unknown}
 o - a potion of brilliance {unknown}
 r - a potion of cancellation {unknown}
 D - a potion of haste {unknown}


   Skills:
 + Level 9.3 Fighting
 * Level 11.7 Axes
 - Level 1.7 Armour
 - Level 1.7 Dodging


You had 9 spell levels left.
You didn't know any spells.
Your spell library was empty.

Dungeon Overview and Level Annotations

Branches:
Dungeon (7/15)             Temple (1/1) D:4          Bailey (1/1)

Altars:
Dithmenos
Hepliaklqana
Makhleb
Nemelex Xobeh
Okawaru
Qazlal
Ru
Trog
Uskayaw
Xom

Shops:
D:5 (

Annotations:
Bailey Prince Ribbit


Innate Abilities, Weirdness & Mutations

You have a pair of large antennae on your head. (SInv)
You are partially covered in slimy green scales. (AC +2)
You may rarely emit foul miasma when damaged in melee.
You regenerate a little health from kills.


Message History

The vault guard is lightly wounded.
You closely miss the bullfrog.
The bullfrog hits you but does no damage.
You block the vault guard's attack. The bullfrog hits you.
You hit the vault guard but do no damage.
The vault guard is lightly wounded.
You hit the bullfrog. Lightning courses through the bullfrog!
You block the bullfrog's attack.
The vault guard hits you with a +0 broad axe!
The bullfrog hits you.
You barely miss the vault guard.
The vault guard is lightly wounded.
You hit Prince Ribbit. You slash the bullfrog!
You kill the bullfrog!
Trog accepts your kill. You block the vault guard's attack.
You block Prince Ribbit's attack.
You hit the vault guard but do no damage.
The vault guard is lightly wounded.
You closely miss Prince Ribbit.
Prince Ribbit blinks!
The vault guard hits you with a +0 broad axe!
A red film seems to cover your vision as you go berserk!
You feel yourself moving faster!
You feel mighty!
The vault guard hits you with a +0 broad axe!!
You slash the vault guard!
The vault guard is moderately wounded.
You slash Prince Ribbit!
The vault guard hits you with a +0 broad axe!
* * * LOW HITPOINT WARNING * * *
Prince Ribbit hits you but does no damage.
You slash the vault guard!
The vault guard is moderately wounded.
You closely miss Prince Ribbit. Prince Ribbit hits you.
* * * LOW HITPOINT WARNING * * *
The vault guard hits you with a +0 broad axe!!
* * * LOW HITPOINT WARNING * * *
You hit the vault guard.
The vault guard is heavily wounded.
You closely miss Prince Ribbit. Prince Ribbit barely misses you.
The vault guard hits you with a +0 broad axe!
You die...

#~~~##'##~~≈##
~~~.......~~≈#
......~...~~≈##
≈≈~.~..~.~~~≈#
#≈~~..~.~~~≈# {
#≈~...~~~~≈#
#≈~.p..~~~≈#
#≈~@F~~~~≈#
#≈~..~~~≈## {
#≈~)~≈≈~≈#
##≈†)≈##≈##
#≈~..≈####
#≈~..≈#..+
###)###..####+##
#.†...#...##~~~##
#.....#...#~~~~~#


You could see a vault guard and Prince Ribbit.

Vanquished Creatures
  Grinder (D:4)
  Eustachio (D:4)
  A wyvern (D:7)
  6 humans (Bailey)
  3 water moccasins
  2 ice beasts
  3 orc warriors
  A black bear (D:5)
  2 ogres (D:6)
  2 centaurs
  2 phantoms
  11 bullfrogs
  3 gnoll sergeants (D:5)
  A necrophage (D:4)
  7 scorpions
  4 wights (D:6)
  6 hounds
  A jelly (D:4)
  2 gnoll boudas (D:5)
  An orc priest (D:6)
  Ijyb (D:4)
  An iguana (D:4)
  3 adders
  16 gnolls
  A shadow imp (D:7)
  A white imp (D:7)
  An ufetubus (D:6)
  2 dart slugs
  15 orcs
  5 endoplasms
  3 giant cockroaches
  7 goblins
  12 hobgoblins
  12 jackals
  3 quokkas
  2 ball pythons
  3 bats (D:1)
  3 frilled lizards
  10 kobolds
  4 rats
165 creatures vanquished.

Vanquished Creatures (others)
  5 toadstools (D:3)
5 creatures vanquished.

Grand Total: 170 creatures vanquished

Notes
Turn   | Place    | Note
-------+----------+-------------------------------------------
     0 | D:1      | Oxelix the Demonspawn Berserker began the quest for the
                  | Orb.
     0 | D:1      | Reached XP level 1. HP: 18/18 MP: 1/1
   148 | D:1      | Reached skill level 3 in Axes
   177 | D:1      | Gained mutation: You have a pair of small antennae on your
                  | head. [demonic ancestry]
   177 | D:1      | Reached XP level 2. HP: 18/24 MP: 2/2
   349 | D:1      | Reached ** piety under Trog
   355 | D:1      | Gained mutation: You are partially covered in slimy green
                  | scales. (AC +2) [demonic ancestry]
   355 | D:1      | Reached XP level 3. HP: 21/29 MP: 3/3
   959 | D:2      | Found a faded altar of an unknown god.
  1412 | D:2      | Reached skill level 4 in Axes
  1417 | D:2      | Gained mutation: You have a pair of antennae on your head.
                  | [demonic ancestry]
  1417 | D:2      | Reached XP level 4. HP: 37/37 MP: 4/4
  1693 | D:3      | Found a hide-covered altar of Uskayaw.
  2116 | D:3      | Found a hazy altar of Hepliaklqana.
  2121 | D:3      | Found an iron altar of Okawaru.
  2351 | D:4      | Noticed Ijyb
  2354 | D:4      | Noticed a necrophage
  2366 | D:4      | Killed a necrophage
  2367 | D:4      | Gained mutation: You regenerate a little health from kills.
                  | [demonic ancestry]
  2367 | D:4      | Reached XP level 5. HP: 38/42 MP: 5/5
  2374 | D:4      | Killed Ijyb
  2474 | D:4      | Found a staircase to the Ecumenical Temple.
  2517 | Temple   | Entered the Ecumenical Temple
  2673 | D:4      | Reached skill level 5 in Axes
  2685 | D:4      | Gained mutation: You may rarely emit foul miasma when
                  | damaged in melee. [demonic ancestry]
  2685 | D:4      | Reached XP level 6. HP: 19/49 MP: 6/6
  2841 | D:4      | Noticed Eustachio
  2879 | D:4      | Killed Eustachio
  2880 | D:4      | Reached skill level 5 in Fighting
  3203 | D:4      | Noticed Grinder
  3205 | D:4      | Paralysed by Grinder for 2 turns
  3214 | D:4      | Paralysed by Grinder for 2 turns
  3219 | D:4      | Killed Grinder
  3220 | D:4      | Reached skill level 6 in Axes
  3220 | D:4      | Reached XP level 7. HP: 56/56 MP: 7/7
  3250 | D:4      | Identified the +1 ring mail "Yrosifa" {rC- Will+ Dex+3
                  | SInv}
  3471 | D:5      | Entered Level 5 of the Dungeon
  3491 | D:5      | Reached skill level 7 in Axes
  3847 | D:5      | Gained mutation: You have a pair of large antennae on your
                  | head. (SInv) [demonic ancestry]
  3847 | D:5      | Reached XP level 8. HP: 37/64 MP: 8/8
  3861 | D:5      | Reached *** piety under Trog
  4110 | D:5      | Reached skill level 8 in Axes
  4243 | D:5      | Found Dialuc's Antique Weapon Shop.
  4249 | D:5      | Bought a glowing war axe for 195 gold pieces
  4464 | D:5      | You fall into a shaft and drop 1 floor!
  4488 | D:6      | Reached skill level 9 in Axes
  4727 | D:6      | Reached XP level 9. HP: 54/72 MP: 9/9
  5407 | D:6      | Reached skill level 10 in Axes
  5934 | D:7      | Reached **** piety under Trog
  6020 | D:7      | Found a flagged portal.
  6040 | Bailey   | Entered a bailey
  6066 | Bailey   | Reached skill level 11 in Axes
  6069 | Bailey   | Reached XP level 10. HP: 78/82 MP: 10/10
  6115 | Bailey   | Noticed a vault guard
  6116 | Bailey   | Noticed Prince Ribbit
  6127 | Bailey   | HP: 4/124 [vault guard/+0 broad axe (19)]
  6128 | Bailey   | Slain by a vault guard

Illustrated notes

Levels and vault maps discovered:
D:1:      minmay_arrival_three_doors, layout_rooms
D:2:      layout_basic, nicolae_ecumenical_lake_church,
          minmay_goblin_kobold_house
D:3:      layout_loops_ring, grunt_temple_overflow_diamond,
          nicolae_uskayaw_murder_on_the_dancefloor, minmay_gold_behind_fungi,
          corexii_item_surrounded_by_moat, hangedman_abyss_or_decor_stabs
D:4:      layout_cave_pods, nicolae_elyvilon_temple_path, temple_fountains,
          fountainhead, minmay_box_of_dots, uniq_grinder, uniq_ijyb,
          uniq_eustachio
D:5:      layout_cave_pools, gammafunk_temple_overflow_forgotten,
          serial_gnoll_camp, gnoll_camp_mini_basic, gnoll_camp_medium_02,
          gnoll_camp_mini_shop, gnoll_camp_mini_basic, gnoll_camp_mini_hut,
          gnoll_camp_mini_shop
D:6:      layout_layer_cave, grunt_tough_drop
D:7:      layout_cave_pools, enter_bailey_4
Temple:   nicolae_temple_colour_theory
Bailey:   bailey_axe_froggy_fort_hellmonk, bailey

Skill      XL: |  1  2  3  4  5  6  7  8  9 10 |
---------------+-------------------------------+-----
Axes           | 3 4 5 6 7 9 11 | 11.7
Fighting       | 4 5 6 7 8 9 |  9.3
Armour         | |  1.7
Dodging        | |  1.7

Action                     |  1- 3 |  4- 6 |  7- 9 | 10-12 || total
---------------------------+-------+-------+-------+-------++-------
  Melee: Hand axe          |   138 |   107 |   105 |       ||   350
         Punch             |     2 |       |     4 |       ||     6
         War axe           |       |       |   132 |    36 ||   168
 Invoke: Berserk           |     1 |     4 |     4 |     1 ||    10
         Trog's Hand       |       |       |     1 |     1 ||     2
    Use: Scroll            |       |       |     2 |       ||     2
   Stab: Sleeping          |     1 |       |       |       ||     1
 Armour: Leather armour    |    26 |       |       |       ||    26
         Ring mail         |    25 |    37 |    97 |     7 ||   166
  Dodge: Dodged            |    92 |    47 |   153 |    10 ||   302
  Block: Other             |       |       |    32 |       ||    32
         Kite shield       |       |       |    81 |    30 ||   111
         Reflection        |       |       |     8 |       ||     8

Table legend: (Time is in decaauts)
 A = Elapsed time spent in this place.
 B = Non-inter-level travel time spent in this place.
 C = Inter-level travel time spent in this place.
 D = Time resting spent in this place.
 E = Time spent auto-exploring this place.
 F = Levels seen in this place.
 G = Mean time per level.
                   A        B        C        D        E       F      G
               +--------+--------+--------+--------+--------+-----+--------+
         Total |   6246 |   6062 |    184 |    645 |   4129 |   9 |  694.0 |
       Dungeon |   6065 |   5886 |    179 |    645 |   4054 |   7 |  866.4 |
        Temple |     85 |     80 |      5 |      0 |     75 |   1 |   85.0 |
        Bailey |     95 |     95 |      0 |      0 |      0 |   1 |   95.0 |
               +--------+--------+--------+--------+--------+-----+--------+

Top non-repeatable levels by time:
     D:6: 1364 daAuts
     D:4: 1286 daAuts
     D:2: 996 daAuts
     D:5: 893 daAuts
     D:3: 653 daAuts
     D:1: 640 daAuts
     D:7: 230 daAuts
  Bailey: 95 daAuts
  Temple: 85 daAuts
